Map: Tête de pont EC (Void)

Players

Nocticon

  • Race: Zerg Zerg

AgCl - Winner!

  • Race: Protoss Protoss
  • League: Grandmaster

VOD

Have the link to the VOD?

Description

Time

  • Played on: July 14, 2015, 2:44 a.m.
  • Length: 6:28
Show
View Real Time Build Order
Export as new Build Order

Nocticon Zerg 

Build Orders: Pool First 

Get SALT Encoding   

  12  0:01  Drone  
  13  0:18  Overlord  
  13  0:26  Drone  
  14  0:37  Drone x2  
  14  0:40  Drone  
  17  0:47  Spawning Pool  
  16  1:11  Hatchery  
  15  1:15  Drone  
  16  1:18  Drone  
  16  1:20  Drone  
  18  1:34  Overlord  
  18  1:35  Queen  
  18  1:38  Zergling x2  
  21  1:47  Drone  
  22  1:58  Drone  
  23  2:08  Drone  
  24  2:19  Zergling x2  
  24  2:29  Spine Crawler  
  23  2:34  Extractor  
  21  2:38  Queen  
  21  2:39  Zergling x2  
  21  2:40  Zergling x4  
  26  2:44  Spine Crawler  
  25  2:56  Spine Crawler  
  24  3:01  Drone x4  
  24  3:02  Drone x3  
  30  3:10  Drone  
  30  3:11  Drone  
  32  3:16  Overlord  
  32  3:37  Drone x3  
  35  3:48  Extractor  
  35  3:49  Extractor  
  33  3:55  Drone  
  33  3:56  Drone x8  
  33  4:01  Extractor  
  41  4:03  Drone  
  41  4:04  Drone  
  43  4:10  Overlord  
  43  4:24  Spore Crawler  
  43  4:27  Queen  
  38  4:33  Drone  
  38  4:34  Drone x8  
  39  4:46  Overlord x2  
  39  4:47  Overlord  
  39  4:49  Queen  
  41  4:53  Spore Crawler  
  41  4:59  Drone  
  42  5:00  Drone x2  
  43  5:14  Drone  
  43  5:15  Drone x4  
  43  5:17  Roach Warren  
  47  5:35  Evolution Chamber  
  47  5:36  Evolution Chamber  
  47  5:38  Spine Crawler  
  47  5:41  Drone x6  
  50  5:53  Drone  
  51  6:08  Drone x3  
  54  6:15  Hatchery  
  54  6:16  Extractor x2  
Show
View Real Time Build Order
Export as new Build Order

AgCl Protoss - Winner!

Build Orders: Oracle Opening, Carrier Rush 

Get SALT Encoding   

  13  0:13  Probe, Pylon  
  13  0:26  Probe  
  14  0:33  Gateway  
  14  0:38  Probe  
  15  0:49  Assimilator  
  15  0:50  Probe (Chrono Boost)  
  16  0:58  Pylon  
  16  1:02  Probe (Chrono Boost)  
  17  1:10  Probe (Chrono Boost)  
  18  1:19  Probe  
  18  1:20  Zealot (Chrono Boost)  
  18  1:24  Cybernetics Core  
  21  1:32  Probe (Chrono Boost)  
  22  1:44  Probe (Chrono Boost)  
  23  1:51  Probe (Chrono Boost)  
  24  1:54  Assimilator  
  24  2:01  Probe  
  25  2:13  Probe  
  26  2:23  Stargate  
  26  2:25  Probe  
  27  2:37  Probe  
  28  2:45  Nexus  
  28  2:49  Probe  
  29  3:01  Probe  
  28  3:12  Pylon x2  
  28  3:15  Pylon, Assimilator  
  28  3:17  Warp Gate (Chrono Boost)  
  28  3:20  Mothership Core  
  28  3:22  Oracle  
  33  3:39  Probe  
  34  3:49  Assimilator  
  34  3:51  Probe (Chrono Boost)  
  35  3:57  Fleet Beacon, Pylon  
  35  4:01  Probe (Chrono Boost)  
  37  4:03  Probe (Chrono Boost)  
  39  4:10  Probe (Chrono Boost)  
  39  4:11  Probe (Chrono Boost)  
  39  4:20  Probe (Chrono Boost)  
  39  4:22  Carrier (Chrono Boost)  
  39  4:23  Probe (Chrono Boost)  
  42  4:32  Probe (Chrono Boost)  
  42  4:37  Probe (Chrono Boost)  
  43  4:39  Probe (Chrono Boost)  
  51  4:50  Graviton Catapult, Probe (Chrono Boost)  
  52  4:54  Probe (Chrono Boost)  
  53  5:00  Probe (Chrono Boost)  
  53  5:03  Probe (Chrono Boost)  
  54  5:08  Probe  
  54  5:13  Stalker, Probe  
  58  5:20  Probe, Stargate  
  59  5:25  Probe  
  60  5:32  Probe  
  61  5:38  Probe  
  62  5:44  Probe  
  62  5:45  Pylon  
  62  5:48  Gateway  
  62  5:49  Gateway  
  63  5:51  Gateway  
  64  5:59  Forge  
  69  6:11  Pylon  
  69  6:16  Adept  
  77  6:26  Pylon  
Tags
 
Add a new tag
Caveats
  • Supply blocks, unpowered buildings, or Contaminate may cause inaccurate times.
  • Supply counts are checked every 10 seconds.